 Dungeon Crawl Stone Soup version 0.18.1-6-gd335043 (webtiles) character file.

6067 Charmandara the Zephyrmancer (level 10, -5/49 HPs)
             Began as a Vine Stalker Assassin on May 19, 2016.
             Slain by an ogre mage
             ... wielding a +0 halberd
              (11 damage)
             ... on level 10 of the Dungeon.
             The game lasted 00:34:52 (8816 turns).

Charmandara the Zephyrmancer (VSAs)                 Turns: 8816, Time: 00:34:53

Health: -5/49      AC:  8    Str: 14    XL:     10   Next: 87%
Magic:  0/30       EV: 18    Int: 12    God:
Gold:   632        SH:  0    Dex: 20    Spells: 4 memorised, 3 levels left

rFire  . . .     SeeInvis .     w - staff of air {rElec}
rCold  . . .     Gourm    .     i - +1 animal skin
rNeg   . . .     Faith    .     (no shield)
rPois  .         Spirit   +     u - +0 helmet
rElec  +         Dismiss  .     r - +2 cloak {MR+}
rCorr  .         Reflect  .     (no gloves)
SustAt .         Harm     .     D - +0 pair of boots
MR     ++...                    (no amulet)
Stlth  +++.......               L - ring of magical power {MP+9}
                                y - +4 ring of evasion

@: about to teleport, very resistant to hostile enchantments, fairly stealthy
A: fangs 3, agile 1, regeneration 2, magic shield, antimagic bite, no device
heal 3, rot immunity
a: no special abilities


You were on level 10 of the Dungeon.
You were near starving.

You visited 2 branches of the dungeon, and saw 11 of its levels.

You collected 632 gold pieces.

Inventory:

Hand Weapons
 a - a +2 dagger of venom
   (You took it off a kobold on level 2 of the Dungeon)
 b - a +2 blowgun
 W - the +1 long sword "Killer Bee's Curse" {elec, *Drain rN++ Int+2 Dex+2}
   (You found it on level 8 of the Dungeon)

   Occasionally, upon striking a foe, it will discharge some electrical energy
   and cause terrible harm.
   It affects your intelligence (+2).
   It affects your dexterity (+2).
   It greatly protects you from negative energy.
   It causes draining when unequipped.
Missiles
 e - 77 poisoned needles
 f - 2 curare-tipped needles
 h - 6 needles of confusion
 q - 4 javelins (quivered)
 v - a throwing net {=f, !d}
 z - 20 tomahawks
Armour
 i - a +1 animal skin (worn)
   (You took it off Grum on level 8 of the Dungeon)
 r - a +2 cloak of magic resistance (worn)
   (You found it on level 2 of the Dungeon)
 u - a +0 helmet (worn)
   (You found it on level 2 of the Dungeon)
 D - a +0 pair of boots (worn)
   (You found it on level 3 of the Dungeon)
Magical Staves
 w - an uncursed staff of air (weapon) {rElec}
   (You found it on level 5 of the Dungeon)
Jewellery
 m - an uncursed ring of flight {+Fly, !d}
   (You found it on level 6 of the Dungeon)
 y - a +4 ring of evasion (left hand)
   (You found it on level 2 of the Dungeon)
 F - an uncursed ring of ice {rC+, rF-}
   (You found it on level 4 of the Dungeon)
 L - a ring of magical power (right hand) {MP+9}
   (You took it off an orc on level 5 of the Dungeon)
Wands
 l - a wand of digging (11/24)
   (You found it on level 8 of the Dungeon)
Scrolls
 k - 5 scrolls of remove curse
 n - 3 scrolls of teleportation
 p - 3 scrolls of recharging
 x - 2 scrolls of enchant armour
 B - a scroll of fog
 M - 2 scrolls of enchant weapon
Potions
 c - a potion of cure mutation {!q}
 o - a potion of resistance
 s - a potion of curing
 t - a potion of magic
 E - 4 potions of brilliance
 G - a potion of ambrosia {unknown}
 H - a potion of invisibility
 I - a potion of might
 O - a potion of haste
 T - a potion of heal wounds {unknown}
Books
 A - a book of Power
   (You found it on level 3 of the Dungeon)
 K - a book of the Sky {@w0}
   (You found it on level 5 of the Dungeon)
 N - a book of Dreams
   (You found it on level 5 of the Dungeon)
Comestibles
 g - 10 bread rations {@e1}
 J - 3 meat rations {@e2}
 Q - 4 beef jerkies
 R - 8 slices of pizza


   Skills:
 - Level 3.5 Fighting
 - Level 4.0 Short Blades
 - Level 4.9 Throwing
 - Level 2.8 Dodging
 - Level 4.8 Stealth
 + Level 7.1 Spellcasting
 * Level 11.5 Air Magic


You had 3 spell levels left.
You knew the following spells:

 Your Spells              Type           Power        Failure   Level  Hunger
a - Airstrike             Air            #####.....   1%          4    ####...
b - Summon Lightning Spi  Summ/Air       ####....     17%         4    ####...
c - Conjure Ball Lightni  Conj/Air       ####......   99%         6    #######
d - Deflect Missiles      Chrm/Air       ####......   99%         6    #######


Dungeon Overview and Level Annotations

Branches:
Dungeon (10/15)            Temple (1/1) D:5             Orc (0/2) D:9
   Lair: D:8-11

Altars:
Cheibriados
Dithmenos
Elyvilon
Gozag
Kikubaaqudgha
Makhleb
Nemelex Xobeh
Okawaru
Pakellas
Qazlal
Sif Muna
Trog
Vehumet
Xom
Zin
The Shining One


Innate Abilities, Weirdness & Mutations

You have razor-sharp teeth.
You heal very quickly.
When hurt, damage is shared between your health and your magic reserves.
Your bite disrupts and absorbs the magic of your enemies.
Potions and wands cannot restore your health.
You are immune to rotting.
You are agile. (Dex +2)


Message History

You are starving!
Health restored: 49 You regained 19 mp, and now have 19/30 mp.
Eat which item? (? for menu, Esc to quit)
You continue eating. x2
You finish eating.
That royal jelly was delicious!
Eat which item? (? for menu, Esc to quit)
Okay, then.
A centaur comes into view.
You regained 2 mp, and now have 22/30 mp.
A centaur is nearby!
Wield which item (- for none, * to show all)? (? for menu, Esc to quit)
Your +2 dagger of venom stops dripping with poison.
w - an uncursed staff of air (weapon)
{rElec}
Aim: a centaur (resting)
You feel a surge of power!
The air twists around and strikes the centaur!
The centaur shouts!
You now have 18/30 mp.
Aim: a centaur (moderately wounded)
You feel a surge of power!
The air twists around and strikes the centaur!
The centaur wields a shortbow.
The centaur shoots an arrow.
The arrow hits you!
You take 5 damage, and have 44/49 hp.
You now have 13/30 mp.
Aim: a centaur, wielding a shortbow (severely wounded)
You feel a surge of power!
The air twists around and strikes the centaur!
You kill the centaur!
You are feeling hungry.
You now have 9/30 mp.
You start resting.
Health restored: 49; MP restored: 30 You are feeling very hungry.
As you open the door, it creaks loudly!
You hear a shout!
There is an open door here.
An ogre mage is nearby!
Okay, then.
Aim: an ogre mage, wielding a halberd and wearing a robe You feel a surge of power!
The air twists around and strikes the ogre mage!
The ogre mage gestures at something while chanting.
You now have 26/30 mp.
Aim: an ogre mage, wielding a halberd and wearing a robe (lightly wounded)
You feel a surge of power!
The air twists around and strikes the ogre mage!
The ogre mage points at something and mumbles some strange words.
You now have 22/30 mp.
Aim: an ogre mage, wielding a halberd and wearing a robe (moderately wounded)
You feel a surge of power!
The air twists around and strikes the ogre mage!
You are near starving!
You now have 18/30 mp.
Aim: an ogre mage, wielding a halberd and wearing a robe (moderately wounded)
You feel a surge of power!
The air twists around and strikes the ogre mage!
The ogre shouts!
The ogre mage gestures at you while chanting.
The orb of energy hits you!
The orb of energy explodes!
The ogre shouts!
You hear a shout!
You take 10 damage, and have 39/49 hp.
MASSIVE DAMAGE!!
You now have 12/30 mp.
Aim: an ogre mage, wielding a halberd and wearing a robe (heavily wounded)
You feel a surge of power!
The air twists around and strikes the ogre mage!
You now have 8/30 mp.
Aim: an ogre mage, wielding a halberd and wearing a robe (severely wounded)
You feel a surge of power!
The air twists around and strikes the ogre mage!
The ogre mage hits you from afar with a halberd!
The ogre hits you with a giant spiked club!
You take 18 damage, and have 21/49 hp.
MASSIVE DAMAGE!!
You now have 2/30 mp.
You don't have enough magic to cast that spell.
You open the door. The ogre barely misses you. The ogre closely misses you.
The ogre mage hits you from afar with a halberd!!
* * * LOW HITPOINT WARNING * * *
The ogre misses you.
There is an open door, spattered with blood here.
You take 16 damage, and have 5/49 hp.
MASSIVE DAMAGE!!
You now have 0/30 mp.
Unknown command.
Read which item? (? for menu, Esc to quit)
Okay, then.
Read which item? (? for menu, Esc to quit)
As you read the scroll labeled TAYGITT REAL, it crumbles to dust.
It is a scroll of amnesia.
Forget which spell ([?*] list [ESC] exit)?
Forget which spell ([?*] list [ESC] exit)?
Okay, then.
The ogre barely misses you. The ogre mage misses you.
The ogre hits you but does no damage.
Read which item? (? for menu, Esc to quit)
As you read the scroll of teleportation, it crumbles to dust.
You feel strangely unstable. The ogre misses you.
The ogre mage hits you from afar with a halberd!
You die...

#.........# #.......#
#.........# #.......#
#.........# #.......#
#.........####.......#
#.........#..#.......#
#.........#..#.......#
#.........#..'...OO..#
#.........#..#.OO....####+###
#.........#####@####.........
#.........+........'.........
#.........#........#.........
#.........#..#######.........
#.........#..####..#......... .
#.........'........#......... ..
#.........#........'......... ..
#.........#....##..#......... ..
#.........####+###'#.)..........


You could see an ogre mage and 3 ogres.

Vanquished Creatures
  An unseen horror (D:5)
  A hill giant (D:10)
  Joseph (D:8)
  The ghost of ShutUppercut the Cudgeler, an amateur OpFi (D:4)
  Prince Ribbit (D:7)
  A human (D:7)
  2 hippogriffs
  A hungry ghost (D:7)
  Grum (D:8)
  An orc warrior (D:6)
  A sky beast (D:5)
  2 ice beasts
  6 ogres
  A wasp (D:6)
  3 wolves (D:8)
  A phantom (D:5)
  3 centaurs
  2 big kobolds
  3 giant frogs
  A scorpion (D:5)
  5 wights (D:6)
  5 killer bees (D:8)
  An electric eel (D:9)
  3 crimson imps
  A jelly (D:9)
  A quasit (D:5)
  A centaur skeleton (D:4)
  A giant frog zombie (D:8)
  8 hounds
  An orc priest (D:5)
  3 iguanas
  3 orc wizards
  11 worker ants
  4 sheep (D:7)
  A hound skeleton (D:7)
  A worker ant zombie (D:7)
  12 adders
  An adder zombie (D:8)
  4 worms
  2 dart slugs
  3 giant geckos
  38 orcs
  3 bats
  8 giant cockroaches
  8 hobgoblins
  20 jackals
  15 kobolds
  2 quokkas
  5 ball pythons
  3 giant newts
  8 goblins
  8 rats
224 creatures vanquished.

Vanquished Creatures (collateral kills)
  An ogre (D:10)
  A wolf (D:9)
  A giant frog skeleton (D:9)
  2 jackals (D:9)
5 creatures vanquished.

Vanquished Creatures (others)
  An ogre (D:4)
  A scorpion (D:4)
2 creatures vanquished.

Grand Total: 231 creatures vanquished

Notes
Turn   | Place    | Note
--------------------------------------------------------------
     0 | D:1      | Charmandara the Vine Stalker Assassin began the quest for the Orb.
     0 | D:1      | Reached XP level 1. HP: 11/11 MP: 2/2
    64 | D:1      | Found a snail-covered altar of Cheibriados.
    69 | D:1      | Reached skill level 2 in Short Blades
   100 | D:1      | Reached skill level 2 in Throwing
   154 | D:1      | Reached XP level 2. HP: 15/15 MP: 3/3
   582 | D:1      | Reached XP level 3. HP: 18/18 MP: 4/4
   692 | D:2      | Reached skill level 3 in Short Blades
   772 | D:2      | Found a glowing golden altar of the Shining One.
   904 | D:2      | HP: 4/18 [adder (3)]
   910 | D:2      | HP: 3/18 [poisoned by an adder]
   918 | D:2      | HP: 2/18 [poisoned by an adder]
   926 | D:2      | HP: 2/18 [poisoned by an adder]
  1010 | D:2      | Reached XP level 4. HP: 23/23 MP: 5/5
  1291 | D:2      | Found an opulent altar of Gozag.
  1825 | D:3      | Reached skill level 4 in Short Blades
  1829 | D:3      | Reached XP level 5. HP: 25/26 MP: 6/6
  1872 | D:3      | Reached skill level 1 in Dodging
  2062 | D:3      | Reached skill level 2 in Fighting
  2451 | D:4      | Killed an ogre
  2454 | D:4      | Reached skill level 3 in Throwing
  2643 | D:4      | Noticed ShutUppercut's ghost (amateur OpFi)
  2684 | D:4      | Killed ShutUppercut's ghost
  2684 | D:4      | Reached skill level 4 in Throwing
  2684 | D:4      | Reached skill level 2 in Dodging
  2684 | D:4      | Gained mutation: You heal very quickly. [Vine Stalker growth]
  2684 | D:4      | Reached XP level 6. HP: 29/32 MP: 7/7
  2713 | D:4      | HP: 8/32 [poisoned by a worker ant]
  2718 | D:4      | HP: 6/32 [poisoned by a worker ant]
  2724 | D:4      | HP: 7/32 [poisoned by a worker ant]
  2732 | D:4      | HP: 8/32 [poisoned by a worker ant]
  2805 | D:4      | Reached XP level 7. HP: 35/35 MP: 8/8
  2810 | D:4      | Reached skill level 3 in Fighting
  2818 | D:4      | Found a shimmering altar of Xom.
  2925 | D:4      | Found a snail-covered altar of Cheibriados.
  2929 | D:4      | Found an oddly glowing altar of Pakellas.
  3036 | D:4      | Gained mutation: Your system is resistant to poisons. [potion of beneficial mutation]
  3558 | D:5      | Entered Level 5 of the Dungeon
  3676 | D:5      | Learned a level 4 spell: Airstrike
  3746 | D:5      | Reached skill level 1 in Air Magic
  3848 | D:5      | Reached skill level 2 in Air Magic
  3848 | D:5      | Gained mutation: You have razor-sharp teeth. [Vine Stalker growth]
  3848 | D:5      | Reached XP level 8. HP: 25/40 MP: 7/9
  4026 | D:5      | Reached skill level 3 in Air Magic
  4196 | D:5      | Reached skill level 4 in Air Magic
  4261 | D:5      | Reached skill level 5 in Air Magic
  4391 | D:5      | HP: 15/60 [something (4)]
  4400 | D:5      | HP: 14/60 [something (2)]
  4409 | D:5      | HP: 11/60 [something (1)]
  4412 | D:5      | Killed an unseen horror
  4412 | D:5      | Reached skill level 3 in Spellcasting
  4412 | D:5      | Reached skill level 6 in Air Magic
  4412 | D:5      | Reached XP level 9. HP: 14/44 MP: 2/14
  4556 | D:5      | Reached skill level 7 in Air Magic
  4657 | D:5      | Learned a level 4 spell: Summon Lightning Spire
  4664 | D:5      | Learned a level 6 spell: Conjure Ball Lightning
  4988 | D:5      | Found a staircase to the Ecumenical Temple.
  4995 | Temple   | Entered the Ecumenical Temple
  5628 | D:6      | Lost mutation: Your system is resistant to poisons. [potion of cure mutation]
  5631 | D:6      | Reached skill level 8 in Air Magic
  5635 | D:6      | Reached skill level 4 in Spellcasting
  6111 | D:7      | Gained mutation: You are agile. (Dex +2) [potion of beneficial mutation]
  6256 | D:7      | Noticed Prince Ribbit
  6266 | D:7      | Killed Prince Ribbit
  6266 | D:7      | Reached skill level 9 in Air Magic
  6300 | D:7      | Reached skill level 5 in Spellcasting
  6683 | D:7      | Reached XP level 10. HP: 44/49 MP: 18/18
  6916 | D:8      | Got a smoking long sword
  6917 | D:8      | Identified the +1 long sword "Killer Bee's Curse" {elec, *Drain rN++ Int+2 Dex+2} (You found it on level 8 of the Dungeon)
  6950 | D:8      | Reached skill level 10 in Air Magic
  7012 | D:8      | Found a bloodstained altar of Trog.
  7217 | D:8      | Noticed Joseph
  7269 | D:8      | Killed Joseph
  7269 | D:8      | Reached skill level 6 in Spellcasting
  7302 | D:8      | Noticed Grum
  7468 | D:8      | Killed Grum
  7891 | D:9      | Reached skill level 11 in Air Magic
  8052 | D:9      | Found a staircase to the Orcish Mines.
  8186 | D:9      | Learned a level 6 spell: Deflect Missiles
  8215 | D:9      | You fall through a shaft!
  8215 | D:10     | Entered Level 10 of the Dungeon
  8219 | D:10     | Noticed a hill giant
  8244 | D:10     | Killed a hill giant
  8244 | D:10     | Reached skill level 7 in Spellcasting
  8481 | D:10     | Found a bloodstained altar of Trog.
  8523 | D:10     | Noticed an ogre mage
  8561 | D:10     | HP: 8/49 [ogre/giant club (9)]
  8561 | D:10     | HP: 2/49 [something (6)]
  8814 | D:10     | HP: 5/49 [ogre mage/halberd (17)]
  8816 | D:10     | Slain by an ogre mage

Skill      XL: |  1  2  3  4  5  6  7  8  9 10 |
---------------+-------------------------------+-----
Short Blades   | 2 3 4 |  4.0
Throwing       | 2 4 |  4.9
Dodging        | 2 |  2.8
Fighting       | 2 3 |  3.5
Air Magic      | 2 6 9 11 | 11.5
Spellcasting   | 3 5 7 |  7.1
Stealth        | |  4.8

Action                   |  1- 3 |  4- 6 |  7- 9 | 10-12 || total
-------------------------+-------+-------+-------+-------++-------
Melee: Dagger            |    54 |   151 |   231 |    74 ||   510
       Bite              |    16 |    44 |    85 |    43 ||   188
       Long sword        |       |       |       |    23 ||    23
 Fire: Blowgun           |    26 |    22 |    32 |    24 ||   104
Throw: Javelin           |       |     6 |    12 |     1 ||    19
       Tomahawk          |       |     8 |     6 |       ||    14
 Cast: Airstrike         |       |       |    47 |    61 ||   108
       Summon Lightning  |       |       |       |     4 ||     4
Evoke: Wand              |       |       |     3 |     1 ||     4
  Use: Scroll            |       |       |    20 |     8 ||    28
       Potion            |       |       |     7 |       ||     7
 Stab: Sleeping          |     4 |     8 |     4 |     1 ||    17
       Invisible         |       |       |     4 |       ||     4
       Distracted        |       |       |       |     1 ||     1
  Eat: Chunk             |       |     6 |    15 |    15 ||    36
       Pizza             |       |       |     2 |       ||     2
       Royal jelly       |       |       |     1 |     1 ||     2
       Meat ration       |       |       |     1 |       ||     1
       Beef jerky        |       |       |     1 |       ||     1
Armor: Robe              |    10 |    25 |    45 |    14 ||    94
       Skin              |       |       |    18 |       ||    18
       Animal skin       |       |       |       |     2 ||     2
Dodge: Dodged            |    30 |    88 |   216 |   126 ||   460

Vault maps used:
D:1:      dpeg_arrival_yet_another_circle, cheibriados_altar_1
D:2:      grunt_gozag_breadcrumbs, tso_metal_star, kennysheep_generic_room_6
D:4:      nicolae_overflow_hidden_temple, xom_confusion_cloud
D:5:      kennysheep_windowed_halls, temple_green, first_bread,
          serial_corexii_hall, corexii_hall_statues_x, corexii_hall_statues_x,
          corexii_hall_statues_x, corexii_hall_statues_x
D:7:      grunt_livestock, uniq_prince_ribbit1
D:8:      bloody_trog, grunt_ministairs_15, uniq_joseph, uniq_grum
D:9:      lemuel_mausoleum_altar_yredelemnul, erik_lair_island, orc_0_dummy,
          basic_altar, special_room
D:10:     kennysheep_flooded_box, grunt_decor_cap, minmay_misc_feat_encased
Temple:   triangle_lava_temple_11

Table legend:
 A = Turns spent in this place as a percentage of turns spent in the entire game.
 B = Non-inter-level travel turns spent in this place as a percentage of non-inter-level travel turns spent in the entire game.
 C = Inter-level travel turns spent in this place as a percentage of turns spent in this place.
 D = Turns resting spent in this place as a percentage of non-inter-level travel turns spent in this place.
 E = Turns spent auto-exploring this place as a percentage of non-inter-level travel turns spent in this place.
 F = Non-inter-level travel turns spent in this place divided by the number of levels of this place that you've seen.
                   A       B       C       D       E      F
               +-------+-------+-------+-------+-------+----------------------
         Total | 100.0 | 100.0 |   0.5 |   2.3 |   8.9 | 265.5
       Dungeon |  98.7 |  98.8 |   0.4 |   2.3 |   8.7 | 288.6
        Temple |   1.3 |   1.2 |   8.1 |   5.9 |  26.5 |  34.0
               +-------+-------+-------+-------+-------+----------------------

Table legend:
 A = Kills in this place as a percentage of kills in entire the game.
 B = Kills by you in this place as a percentage of kills by you in the entire game.
 C = Kills by friends in this place as a percentage of kills by friends in the entire game.
 D = Other kills in this place as a percentage of other kills in the entire game.
 E = Experience gained in this place as a percentage of experience gained in the entire game.
 F = Experience gained in this place divided by the number of levels of this place that you have seen.
                   A       B       C       D       E      F
               +-------+-------+-------+-------+-------+----------------------
         Total | 100.0 | 100.0 | 100.0 |  -nan | 100.0 | 788.0
       Dungeon | 100.0 | 100.0 | 100.0 |  -nan | 100.0 | 866.8
               +-------+-------+-------+-------+-------+----------------------
